 Dungeon Crawl Stone Soup version 0.27.1-34-g3ba077fa99 (webtiles) character file.

Game seed: 768814950849601889

5153 boopmooplesden the Carver (level 10, -1/88 HPs)
             Began as a Minotaur Fighter on Jan 6, 2022.
             Was a Believer of the Shining One.
             Slain by a bullfrog (7 damage)
             ... on level 10 of the Dungeon.
             The game lasted 00:10:37 (7282 turns).

boopmooplesden the Carver (Minotaur Fighter)        Turns: 7282, Time: 00:10:38

Health: -1/88      AC: 18    Str: 32    XL:     10   Next: 33%
Magic:  10/10      EV:  7    Int:  5    God:    the Shining One [**....]
Gold:   322        SH: 14    Dex: 16    Spells: 9/9 levels left

rFire    . . .     SeeInvis .   L - +6 falchion "Udghyipi" {venom, Will++ Str+4 Stlth-}
rCold    x . .     Faith    .   c - +1 kite shield
rNeg     + + .     Spirit   .   y - +0 plate armour
rPois    .         Reflect  .   (helmet restricted)
rElec    .         Harm     .   (no cloak)
rCorr    .         Rampage  .   (no gloves)
Will     ++...                  (no boots)
Stlth    ..........             o - amulet "Dugi" {rC- rN+ Regen+ Str+4}
HPRegen  1.24/turn              n - +6 ring of dexterity
MPRegen  0.12/turn              k - +4 ring of protection

@: flying, glowing
A: horns 2, retaliatory headbutt
a: Renounce Religion, Divine Shield


You were on level 10 of the Dungeon.
You worshipped the Shining One.
The Shining One was pleased with you.
You visited 1 branch of the dungeon, and saw 10 of its levels.

You collected 322 gold pieces.

Inventory:

Hand Weapons
 a - a +1 long sword
 t - a +2 whip of electrocution
 w - a +3 falchion
 z - a +3 great sword of freezing
 C - a +5 great sword
 L - the +6 falchion "Udghyipi" (weapon) {venom, Will++ Str+4 Stlth-}
   (You found it on level 9 of the Dungeon)

   It poisons the flesh of those it strikes.
   Str:       It affects your strength (+4).
   Will:      It greatly increases your willpower.
   Stlth:     It makes you less stealthy.
Missiles
 j - 7 javelins (quivered)
Armour
 b - a +0 scale mail
 c - a +1 kite shield (worn)
 y - a +0 plate armour (worn)
Jewellery
 e - a ring of ice
 f - a ring of wizardry
 k - a +4 ring of protection (right hand)
 n - a +6 ring of dexterity (left hand)
 o - the amulet "Dugi" (around neck) {rC- rN+ Regen+ Str+4}
   (You acquired it on level 5 of the Dungeon)

   [amulet of regeneration]

   Str:       It affects your strength (+4).
   rC:        It makes you vulnerable to cold.
   rN:        It protects you from negative energy.
   Regen:     It increases your rate of health regeneration.
 q - an amulet of magic regeneration
 J - a ring of fire
Wands
 m - a wand of paralysis (16)
 r - a wand of flame (47)
 A - a wand of iceblast (17)
 H - a wand of acid (8)
Scrolls
 g - 4 scrolls of identify
 i - 4 scrolls of teleportation
 l - 4 scrolls of amnesia
 B - a scroll of blinking
Potions
 d - 3 potions of might
 h - 4 potions of flight
 p - a potion of ambrosia {unknown}
 s - a potion of magic {unknown}
 u - a potion of invisibility {unknown}
 v - a potion of berserk rage {unknown}
 x - a potion of brilliance {unknown}
 D - a potion of degeneration {unknown}
 E - 2 potions of lignification {unknown}
 F - 2 potions of heal wounds {unknown}
 G - 4 potions of curing {unknown}
 I - a potion of mutation {unknown}
 K - a potion of attraction {unknown}


   Skills:
 + Level 8.0 Fighting
 + Level 11.2 Long Blades
 + Level 2.0 Maces & Flails
 + Level 0.9 Throwing
 + Level 9.3 Armour
 + Level 1.5 Dodging
 + Level 0.1 Stealth
 + Level 9.4 Shields
 + Level 1.4 Invocations


You had 9 spell levels left.
You didn't know any spells.
Your spell library contained the following spells:

 Spells                   Type           Power      Damage    Failure   Level
 Ensorcelled Hibernation  Hex/Ice        0%         N/A       100%        2
 Ignite Poison            Fire/Tmut/Pois 0%         N/A       100%        3
 Mephitic Cloud           Conj/Pois/Air  0%         N/A       100%        3
 Spider Form              Tmut/Pois      0%         N/A       100%        3
 Bolt of Magma            Conj/Fire/Erth 0%         4d4       100%        5
 Shadow Creatures         Summ           N/A        N/A       100%        6


Dungeon Overview and Level Annotations

Branches:
Dungeon (10/15)            Temple (0/1) D:5
   Lair: D:8-11         Orc: D:9-12

Altars:
Elyvilon
Fedhas
Gozag
Kikubaaqudgha
Makhleb
Nemelex Xobeh
Okawaru
Zin
The Shining One

Shops:
D:9 (


Innate Abilities, Weirdness & Mutations

You have a pair of horns on your head.
You reflexively headbutt those who attack you in melee.


Message History

You block the gargoyle's attack.
The howler monkey hoots and howls with incredible vigour!
You hear an angry hiss.
You barely miss the gargoyle. You block the black bear's attack.
The black bear barely misses you. You block the black bear's attack.
The gargoyle hurls a stone arrow at you.
You block the stone arrow.
You completely miss the gargoyle. You block the black bear's attack. x3
The gargoyle hurls a stone arrow at you.
The stone arrow hits you!
You hit the gargoyle but do no damage.
You headbutt the gargoyle, but do no damage.
The bullfrog hits you. You block the black bear's attack.
The black bear claws you but does no damage.
You block the black bear's attack.
The gargoyle hits you with a +0 morningstar!
You hit the gargoyle but do no damage.
You headbutt the gargoyle, but do no damage.
The bullfrog completely misses you. You furiously retaliate!
You headbutt the bullfrog! The black bear bites you. The black bear claws you.
* * * LOW HITPOINT WARNING * * *
You block the black bear's attack.
The gargoyle hurls a stone arrow at you.
You block the stone arrow. You block the bullfrog's attack.
The howler monkey hoots and howls with incredible vigour!
The bullfrog barely misses you.
The gargoyle hits you with a +0 morningstar!!
* * * LOW HITPOINT WARNING * * *
You hear an angry growl. x3; You hear a croak.
There is a stone staircase leading up, spattered with blood here.
It was a potion of flight.
You feel very buoyant.
You fly up into the air.
You block the bullfrog's attack. You block the black bear's attack.
The black bear barely misses you. You block the black bear's attack.
The gargoyle closely misses you. You furiously retaliate!
You headbutt the gargoyle, but do no damage.
You block the bullfrog's attack. The bullfrog hits you!
You die...

P. ###.......#
..##.........#
.........#..#
###..........#
.............#
#..........#
#...))...#
#.#.h9F#
#....h@#
####.### ###


You could see a black bear, a gargoyle, a bullfrog and a howler monkey.

Vanquished Creatures
  A hydra (D:7)
  A two-headed ogre (D:8)
  Pikel (D:5)
  Joseph (D:7)
  A yak (D:7)
  A wyvern (D:9)
  Grum (D:8)
  An ice beast (D:7)
  A black bear (D:5)
  An orc warrior (D:10)
  A sky beast (D:6)
  A necrophage (D:4)
  3 wolves (D:8)
  4 centaurs
  2 kobold brigands
  A gnoll sergeant (D:6)
  4 bullfrogs
  Blork the orc (D:5)
  A water moccasin zombie (D:6)
  3 scorpions
  7 wights (D:6)
  2 centaur zombies
  3 orc priests
  Natasha (thrice) (D:2)
  An iguana (D:5)
  Ijyb (D:5)
  3 orc wizards
  A killer bee zombie (D:8)
  3 gnolls (D:6)
  2 adders
  2 white imps
  An ufetubus (D:4)
  3 worms
  4 dart slugs
  17 orcs
  4 ball pythons
  3 endoplasms
  5 giant cockroaches
  8 goblins
  8 hobgoblins
  8 jackals
  3 quokkas
  3 bats (D:2)
  3 frilled lizards
  17 kobolds
  8 rats
154 creatures vanquished.

Vanquished Creatures (others)
  11 fungi (D:10)
  14 plants (D:10)
25 creatures vanquished.

Grand Total: 179 creatures vanquished

Notes
Turn   | Place    | Note
-------+----------+-------------------------------------------
     0 | D:1      | boopmooplesden the Minotaur Fighter began the quest for the
                  | Orb.
     0 | D:1      | Reached XP level 1. HP: 19/19 MP: 0/0
   545 | D:1      | Reached XP level 2. HP: 22/27 MP: 1/1
   992 | D:1      | Found a faded altar of an unknown god.
  1268 | D:2      | Noticed Natasha
  1276 | D:2      | Noticed a crimson imp
  1276 | D:2      | Killed Natasha
  1277 | D:2      | Reached XP level 3. HP: 33/33 MP: 2/2
  1362 | D:2      | You fall into a shaft and drop 1 floor!
  1591 | D:3      | Reached skill level 3 in Long Blades
  1610 | D:3      | Reached skill level 5 in Armour
  1610 | D:3      | Reached XP level 4. HP: 16/40 MP: 3/3
  1934 | D:3      | Found a glowing golden altar of the Shining One.
  2055 | D:3      | Became a worshipper of the Shining One
  2312 | D:2      | Noticed Natasha
  2320 | D:2      | Killed Natasha
  2321 | D:2      | Reached XP level 5. HP: 45/46 MP: 4/4
  2337 | D:2      | Found a burning altar of Makhleb.
  2339 | D:2      | Noticed Natasha
  2344 | D:2      | Killed Natasha
  2434 | D:2      | Reached skill level 4 in Long Blades
  2638 | D:2      | You fall into a shaft and drop 2 floors!
  2638 | D:4      | Noticed a necrophage
  2658 | D:4      | Killed a necrophage
  2659 | D:4      | Reached skill level 1 in Dodging
  2659 | D:4      | Reached XP level 6. HP: 32/53 MP: 5/5
  2971 | D:4      | Reached skill level 5 in Long Blades
  3312 | D:4      | Found an opulent altar of Gozag.
  3313 | D:4      | Found a sparkling altar of Nemelex Xobeh.
  3731 | D:5      | Entered Level 5 of the Dungeon
  3777 | D:5      | Found a staircase to the Ecumenical Temple.
  3878 | D:5      | Identified a scroll of acquirement
  3878 | D:5      | Acquired the amulet "Dugi" {rC- rN+ Regen+ Str+4}
  3918 | D:5      | Reached skill level 5 in Shields
  3991 | D:5      | Noticed Blork the orc
  3996 | D:5      | Killed Blork the orc
  4051 | D:5      | Reached * piety under the Shining One
  4100 | D:5      | Noticed Ijyb
  4103 | D:5      | Killed Ijyb
  4104 | D:5      | Reached XP level 7. HP: 58/60 MP: 6/6
  4257 | D:5      | Reached skill level 6 in Long Blades
  4310 | D:5      | Noticed Pikel
  4345 | D:5      | Killed Pikel
  4346 | D:5      | Reached skill level 5 in Fighting
  4346 | D:5      | Reached skill level 7 in Long Blades
  4346 | D:5      | Reached XP level 8. HP: 32/69 MP: 7/7
  4847 | D:6      | Reached skill level 8 in Long Blades
  5055 | D:6      | Reached ** piety under the Shining One
  5258 | D:7      | Noticed Joseph
  5266 | D:7      | Killed Joseph
  5267 | D:7      | Reached skill level 9 in Long Blades
  5267 | D:7      | Reached XP level 9. HP: 78/78 MP: 8/8
  5275 | D:7      | Noticed a four-headed hydra
  5286 | D:7      | Killed a four-headed hydra
  5287 | D:7      | Reached skill level 1 in Maces & Flails
  5419 | D:7      | Reached skill level 10 in Long Blades
  5546 | D:7      | Found a large runed translucent door.
  5556 | D:7      | Found a large runed translucent door.
  5910 | D:7      | Found a white marble altar of Elyvilon.
  5919 | D:7      | Found a burning altar of Makhleb.
  5989 | D:8      | Noticed Grum
  6000 | D:8      | Killed Grum
  6127 | D:8      | Reached skill level 1 in Invocations
  6127 | D:8      | Reached XP level 10. HP: 47/86 MP: 8/10
  6322 | D:8      | Noticed a two-headed ogre
  6332 | D:8      | Killed a two-headed ogre
  6628 | D:8      | Reached skill level 11 in Long Blades
  6700 | D:9      | Found Xenug's Weapon Shoppe.
  6887 | D:9      | Found a blossoming altar of Fedhas.
  6888 | D:9      | Found an ancient bone altar of Kikubaaqudgha.
  6891 | D:9      | Found a glowing silver altar of Zin.
  6891 | D:9      | Found an iron altar of Okawaru.
  6953 | D:9      | Identified the +6 falchion "Udghyipi" {venom, Will++ Str+4
                  | Stlth-}
  7261 | D:10     | Entered Level 10 of the Dungeon
  7266 | D:10     | Noticed a gargoyle
  7280 | D:10     | HP: 3/88 [gargoyle (23)]
  7282 | D:10     | Slain by a bullfrog

Illustrated notes

Levels and vault maps discovered:
D:1:      dpeg_arrival_yet_another_circle, layout_basic,
          hellmonk_ecumenical_altar_leap_of_faith, minmay_bisected
D:2:      layout_basic, basic_altar, uniq_natasha
D:3:      layout_rooms, tso_metal_star
D:4:      layout_rooms, grunt_temple_overflow_opulence, item_on_display_a
D:5:      layout_loops_corners, temple_green, uniq_ijyb, uniq_pikel,
          uniq_blork_the_orc
D:6:      layout_loops_ring
D:7:      layout_basic, jmf_multi_god_temple2, uniq_joseph
D:8:      layout_loops_ring, item_on_display_a, uniq_grum
D:9:      layout_rooms, grunt_temple_overflow_open, serial_shops,
          nicolae_stop_n_shop_1
D:10:     layout_basic, mainiacjoe_overflow_catwalk,
          nicolae_dithmenos_the_darkroom, due_lair_maze_entry_diamond,
          kennysheep_orc_monster_closet_entryway, grunt_decor_one_mirror

Skill      XL: |  1  2  3  4  5  6  7  8  9 10 |
---------------+-------------------------------+-----
Armour         | 4 5 6 7 8 9 |  9.3
Fighting       | 4 5 6 7 8 |  8.0
Shields        | 4 5 6 7 9 |  9.4
Long Blades    | 3 4 5 7 9 10 11 | 11.2
Dodging        | 1 |  1.5
Maces & Flails | 1 2 |  2.0
Invocations    | 1 |  1.4
Throwing       | |  0.9
Stealth        | |  0.1

Action                   |  1- 3 |  4- 6 |  7- 9 | 10-12 || total
-------------------------+-------+-------+-------+-------++-------
Melee: Long sword        |   105 |   135 |   134 |    51 ||   425
       Headbutt          |     7 |    19 |    53 |    20 ||    99
       Whip              |       |       |     6 |       ||     6
       Falchion          |       |       |       |    14 ||    14
Throw: Javelin           |       |     1 |     2 |       ||     3
Invok: Divine Shield     |       |       |     2 |       ||     2
  Use: Scroll            |     2 |     5 |     2 |     3 ||    12
       Potion            |       |       |       |     1 ||     1
Armor: Scale mail        |    46 |    60 |       |       ||   106
       Plate armour      |       |    14 |    51 |    26 ||    91
Dodge: Dodged            |    25 |    38 |    32 |    22 ||   117
Block: Kite shield       |    50 |    88 |   105 |    68 ||   311
       Rpst.: Long sword |     6 |    11 |     6 |     2 ||    25
